 Dungeon Crawl Stone Soup version 0.21-a0-641-geef9d7f (webtiles) character file.

3313 Gorglomux the Fighter (level 9, -1/86 HPs)
             Began as a Grey Draconian Arcane Marksman on Dec 30, 2017.
             Was a Believer of Yredelemnul.
             Slain by an orc warrior
             ... wielding a +0 glaive
              (8 damage)
             ... on level 8 of the Dungeon.
             The game lasted 00:15:57 (9492 turns).

Gorglomux the Fighter (DrAM)                        Turns: 9492, Time: 00:15:58

Health: -1/86      AC: 15    Str: 18    XL:     9   Next: 70%
Magic:  10/10      EV: 12    Int: 14    God:    Yredelemnul [**....]
Gold:   460        SH:  0    Dex: 14    Spells: 9/10 levels left

rFire    . . .     SeeInvis .   a - +0 trident
rCold    . . .     Gourm    .   (no shield)
rNeg     . . .     Faith    +   (armour unavailable)
rPois    +         Spirit   .   (helmet restricted)
rElec    .         Reflect  .   (no cloak)
rCorr    .         Harm     .   W - +2 pair of gloves
MR       .....                  (no boots)
Stlth    +.........             J - amulet of faith
HPRegen  0.24/turn              O - ring of wizardry
MPRegen  0.12/turn              o - ring of poison resistance

@: mighty, drained
A: walk through water, unfitting armour, unbreathing, cold-blooded, AC +12
a: Animate Remains, Recall Undead Slaves, Injury Mirror, Renounce Religion


You were on level 8 of the Dungeon.
You worshipped Yredelemnul.
Yredelemnul was pleased with you.
You were not hungry.

You visited 2 branches of the dungeon, and saw 9 of its levels.

You collected 460 gold pieces.

Inventory:

Hand Weapons
 a - a +0 trident (weapon)
 b - a +0 hand crossbow
 V - a +2 hand crossbow of freezing
Missiles
 c - 19 bolts
 Z - 2 throwing nets (quivered)
Armour
 W - a +2 pair of gloves (worn)
Jewellery
 o - a ring of poison resistance (right hand)
 J - an amulet of faith (around neck)
 O - a ring of wizardry (left hand)
Wands
 P - a wand of paralysis (10)
Scrolls
 i - 2 scrolls of fog {unknown}
 k - 8 scrolls of remove curse
 l - a scroll of magic mapping {unknown}
 m - a scroll of enchant armour
 n - 2 scrolls of amnesia {unknown}
 B - 3 scrolls of blinking
 N - a scroll of immolation {unknown}
 R - 8 scrolls of identify
 T - a scroll of teleportation
Potions
 f - 2 potions of magic
 p - 3 potions of cancellation
 H - a potion of ambrosia {unknown}
 L - a potion of resistance {unknown}
 M - a potion of degeneration {unknown}
 Q - 3 potions of curing
 S - 3 potions of mutation {!q}
 X - 2 potions of might
 Y - a potion of lignification {unknown}
Books
 e - a book of Debilitation

   Spells                             Type                      Level
   a - Corona                         Hexes                        1
   b - Slow                           Hexes                        2
   c - Inner Flame                    Hexes/Fire                   3
   d - Portal Projectile              Hexes/Translocation          3
   e - Cause Fear                     Hexes                        4
   f - Leda's Liquefaction            Hexes/Earth                  4
 I - a book of Maledictions

   Spells                             Type                      Level
   a - Corona                         Hexes                        1
   b - Ensorcelled Hibernation        Hexes/Ice                    2
   c - Confuse                        Hexes                        3
   d - Tukima's Dance                 Hexes                        3
   e - Dazzling Spray                 Conjuration/Hexes            3
 K - Meppax's First Steps in Thaumaturgy
   (You found it on level 6 of the Dungeon)

   Spells                             Type                      Level
   a - Sting                          Conjuration/Poison           1
   b - Magic Dart                     Conjuration                  1
   c - Confusing Touch                Hexes                        1
   d - Corona                         Hexes                        1
   e - Beastly Appendage              Transmutation                1
Comestibles
 d - 15 rations
 U - 2 chunks of flesh


   Skills:
 + Level 10.7(10.4) Fighting
 + Level 9.3(9.1) Polearms
 - Level 2.6(2.4) Crossbows
 - Level 1.7(1.5) Dodging
 - Level 1.0(0.8) Spellcasting
 - Level 2.6(2.4) Hexes


You had 9 spell levels left.
You knew the following spells:

 Your Spells              Type           Power        Failure   Level  Hunger
a - Corona                Hex            #......      4%          1    ##.....


Dungeon Overview and Level Annotations

Branches:
Dungeon (8/15)             Temple (1/1) D:5
   Lair: D:8-11

Altars:
Ashenzari
Cheibriados
Elyvilon
Fedhas
Gozag
Makhleb
Nemelex Xobeh
Okawaru
Qazlal
Ru
Sif Muna
Trog
Uskayaw
Vehumet
Wu Jian
Xom
Yredelemnul
Zin
The Shining One

Annotations:
D:3 anet's ghost, amateur MfWn


Innate Abilities, Weirdness & Mutations

You can walk through water.
Your dull iron-grey scales are very hard. (AC +12)
You cannot fit into any form of body armour.
You can survive without breathing.
You are cold-blooded and may be slowed by cold attacks.


Message History

The bullfrog is severely wounded!
The bullfrog snags a nearby baby bat with its tongue!
The bullfrog hits you!!! * * * don't die
* * * The orc warrior hits you from afar with a glaive! * * * don'butt butt
* * *
Okay, then!
It was a potion of might!
You feel very mighty all of a sudden! The bullfrog closely misses you!
The bullfrog barely misses you!
The butt warrior hits you from butt with a glaive!!! * * * don't die
* * * Butt feel better!
The bullfrog hits you!!! * * * don't die
* * * The bullfrog hits you but does butt damage!
Unknown command!
You feel better!
The orc warrior butts you from afar with a glaive!!! rip Butt's body rises from the dead as a mindless zombie!

###.## #o## #.o.
##.o ##. #########
#. #.......# #.
#.......# #######.
#.[...)@####
####.......
#.......Fo.#
#..........
#.......##o#
..##.......
#.......##.#
#######.
#.......##...F..oo
#.
##########..#..##.
#. #..# .# #. #...
# # #. ##.#. ..##.


You could see an orc warrior, a bullfrog and an orc.

Vanquished Creatures
  A two-headed ogre (D:7)
  Grinder (D:4)
  Eustachio (D:3)
  A water moccasin (D:7)
  An orc warrior (D:8)
  An ice beast (D:7)
  4 sky beasts
  A centaur (D:5)
  4 bullfrogs
  2 scorpions
  3 killer bees (D:8)
  2 howler monkeys
  4 wights (D:6)
  A centaur zombie (D:4)
  A bullfrog zombie (D:7)
  2 jellies
  4 hounds
  2 orc priests (D:7)
  Terence (D:3)
  3 orc wizards
  5 worker ants
  2 hound skeletons
  11 adders
  3 gnolls (D:8)
  2 shadow imps
  4 oozes (D:3)
  An adder skeleton (D:5)
  2 worms
  4 dart slugs
  6 leopard geckos
  7 orcs
  3 ball pythons
  5 giant cockroaches
  19 goblins
  13 hobgoblins
  6 jackals (D:6)
  5 quokkas
  7 bats
  2 frilled lizards (D:3)
  A giant cockroach zombie (D:5)
  6 kobolds
  A leopard gecko zombie (D:8)
  A quokka zombie (D:5)
  6 rats
162 creatures vanquished.

Vanquished Creatures (collateral kills)
  2 worker ants
  A howler monkey zombie (D:7)
  An orc (D:7)
4 creatures vanquished.

Vanquished Creatures (others)
  An orc wizard (D:3)
  2 worker ant zombies
  A gnoll zombie (D:8)
  A goblin zombie (D:8)
  2 jackal zombies (D:6)
  A leopard gecko zombie (D:8)
8 creatures vanquished.

Grand Total: 174 creatures vanquished

Notes
Turn   | Place    | Note
-------+----------+-------------------------------------------
     0 | D:1      | Gorglomux the Draconian Arcane Marksman began the quest for the Orb.
     0 | D:1      | Reached XP level 1. HP: 16/16 MP: 2/2
   120 | D:1      | Reached XP level 2. HP: 24/24 MP: 3/3
   190 | D:1      | Reached skill level 2 in Fighting
   455 | D:1      | Reached XP level 3. HP: 30/30 MP: 4/4
   711 | D:2      | Reached skill level 3 in Fighting
  1060 | D:2      | You fall through a shaft for 2 floors!
  1096 | D:4      | Reached XP level 4. HP: 36/38 MP: 5/5
  1199 | D:3      | Reached skill level 1 in Polearms
  1271 | D:3      | Noticed Terence
  1626 | D:3      | Killed Terence
  1876 | D:3      | Reached skill level 4 in Fighting
  1909 | D:3      | Noticed anet's ghost (amateur MfWn)
  2144 | D:3      | Reached XP level 5. HP: 24/46 MP: 6/6
  3308 | D:3      | Reached skill level 5 in Fighting
  3308 | D:3      | Reached skill level 3 in Polearms
  3308 | D:3      | Reached XP level 6. HP: 36/56 MP: 7/7
  4892 | D:4      | Noticed Grinder
  4892 | D:4      | Paralysed by Grinder for 7 turns
  4910 | D:4      | Killed Grinder
  4910 | D:4      | Reached skill level 6 in Fighting
  4910 | D:4      | Your scales start taking on a dull iron-grey colour.
  4910 | D:4      | Reached XP level 7. HP: 58/63 MP: 8/8
  4910 | D:4      | Gained mutation: You can survive without breathing. [Grey Draconian growth]
  5000 | D:4      | Noticed Eustachio
  5039 | D:3      | Killed Eustachio
  5355 | D:4      | Found an opulent altar of Gozag.
  5447 | D:4      | Found a burning altar of Makhleb.
  5516 | D:5      | Entered Level 5 of the Dungeon
  5768 | D:5      | Reached skill level 7 in Fighting
  5823 | D:5      | Found a staircase to the Ecumenical Temple.
  5834 | Temple   | Entered the Ecumenical Temple
  5978 | Temple   | Became a worshipper of Yredelemnul the Dark
  6197 | D:5      | Reached XP level 8. HP: 67/73 MP: 9/9
  6216 | D:5      | Found a hide-covered altar of Uskayaw.
  6518 | D:6      | Reached skill level 6 in Polearms
  6536 | D:6      | Identified Meppax's First Steps in Thaumaturgy
  6682 | D:6      | Reached * piety under Yredelemnul
  6682 | D:6      | Reached skill level 8 in Fighting
  6996 | D:7      | Noticed a two-headed ogre
  7302 | D:7      | Reached skill level 9 in Fighting
  7744 | D:7      | Reached XP level 9. HP: 83/83 MP: 10/10
  8361 | D:7      | Found a basalt altar of Yredelemnul.
  8706 | D:7      | Killed a two-headed ogre
  8706 | D:7      | Reached skill level 10 in Fighting
  8918 | D:8      | Reached skill level 9 in Polearms
  8953 | D:8      | Reached ** piety under Yredelemnul
  9489 | D:8      | HP: 3/86 [orc warrior/glaive (15)]
  9492 | D:8      | Slain by an orc warrior

Vault maps used:
D:1:      mrwooster_arrival_statue_2, serial_curves, eino_curves_01,
          eino_curves_02, minivault_23, minmay_three_crescents
D:2:      minmay_misc_feat_diagonals
D:3:      kennysheep_generic_room_8, uniq_terence
D:4:      cheibrodos_greedy_goblins, nicolae_overflow_hidden_temple,
          uniq_grinder, uniq_eustachio
D:5:      lemuel_round_altar, temple_green, first_ration,
          minmay_misc_feat_nine_boxes
D:6:      st_stairs_1
D:7:      yredelemnul_altar_generic
D:8:      corexii_shack_village, uniq_erica
Temple:   eino_temple_rhombus

Skill      XL: |  1  2  3  4  5  6  7  8  9 |
---------------+----------------------------+-----
Crossbows      | 2 |  2.6
Fighting       | 2 3 4 5 6 7 9 10 | 10.7
Polearms       | 2 3 4 5 7 9 |  9.3
Dodging        | |  1.7
Spellcasting   | |  1.0
Hexes          | |  2.6

Action                   |  1- 3 |  4- 6 |  7- 9 || total
-------------------------+-------+-------+-------++-------
Melee: Spear             |       |   172 |       ||   172
       Tailslap          |       |    29 |    53 ||    82
       Trident           |       |    59 |   490 ||   549
 Fire: Hand crossbow     |    85 |    38 |    56 ||   179
Invok: Animate Remains   |       |       |     9 ||     9
Evoke: Wand              |       |     1 |     1 ||     2
  Use: Scroll            |     3 |     3 |     4 ||    10
       Potion            |       |     1 |     3 ||     4
 Stab: Sleeping          |       |     2 |     1 ||     3
       Paralysed         |       |     8 |     1 ||     9
  Eat: Chunk             |       |     6 |    18 ||    24
       Ration            |       |     2 |       ||     2
Armor: Skin              |    10 |    54 |   247 ||   311
Dodge: Dodged            |    26 |   116 |   320 ||   462

Table legend:
 A = Spawn XP
 B = Non-spawn XP
 C = Spawn XP percentage of total XP
 D = Spawn monster count
 E = Non-spawn monster count
 F = Spawn count percentage of total count
 G = Total turns spent on level
                    A         B        C        D         E        F      G
               +---------+---------+-------+---------+---------+-------+---------
         Total |       0 |    4733 |   0.0 |       0 |     167 |   0.0 |  9492
               +---------+---------+-------+---------+---------+-------+---------
           D:1 |       0 |      51 |   0.0 |       0 |      28 |   0.0 |   656
           D:2 |       0 |      39 |   0.0 |       0 |      11 |   0.0 |   951
           D:3 |       0 |     522 |   0.0 |       0 |      30 |   0.0 |  2731
           D:4 |       0 |     515 |   0.0 |       0 |      25 |   0.0 |  1178
           D:5 |       0 |     367 |   0.0 |       0 |      12 |   0.0 |   790
           D:6 |       0 |     636 |   0.0 |       0 |      17 |   0.0 |   524
           D:7 |       0 |    1975 |   0.0 |       0 |      24 |   0.0 |  1871
           D:8 |       0 |     628 |   0.0 |       0 |      20 |   0.0 |   636
               +---------+---------+-------+---------+---------+-------+---------
